 Dungeon Crawl Stone Soup version 0.23-a0-607-g760965b7 (webtiles) character file.

20 russianmonk1111 the Bolt Thrower (level 3, 7/28 HPs)
             Began as a Formicid Hunter on Dec 20, 2018.
             Quit the game on level 2 of the Dungeon.
             The game lasted 00:03:10 (918 turns).

russianmonk1111 the Bolt Thrower (Formicid Hunter)   Turns: 918, Time: 00:03:11

Health: 7/28       AC:  1    Str: 17    XL:     3   Next: 0%
Magic:  2/2        EV: 12    Int: 10    God:
Gold:   25         SH:  0    Dex: 11    Spells: 2/2 levels left

rFire    . . .     SeeInvis +   b - +0 short sword
rCold    . . .     Gourm    .   (no shield)
rNeg     . . .     Faith    .   c - +0 leather armour
rPois    .         Spirit   .   (helmet unavailable)
rElec    .         Reflect  .   (no cloak)
rCorr    .         Harm     .   (no gloves)
MR       .....                  (no boots)
Stlth    +.........             (no amulet)
HPRegen  0.09/turn              (no ring)
MPRegen  0.08/turn              (no ring)

@: lethally poisoned (7 -> -10)
A: permanent stasis, dig shafts and tunnels, four strong arms, antennae 3,
deformed body, low mp 1, mutation resistance 1
a: Dig, Shaft Self


You were on level 2 of the Dungeon.
You were not hungry.

You visited 1 branch of the dungeon, and saw 2 of its levels.

You collected 25 gold pieces.

Inventory:

Hand Weapons
 a - a +1 hand crossbow
 b - a +0 short sword (weapon)
 e - a +0 dagger
Missiles
 f - 20 bolts
 j - 27 stones (quivered)
Armour
 c - a +0 leather armour (worn)
Jewellery
 m - a cursed ring of attention {unknown}
Scrolls
 g - a scroll of enchant armour {unknown}
 h - a scroll of identify {unknown}
 k - a scroll of immolation {unknown}
Comestibles
 d - 3 rations {!d}
 i - 3 chunks of flesh


   Skills:
 + Level 2.6 Fighting
 * Level 4.5 Crossbows
 - Level 1.7 Dodging
 - Level 1.2 Stealth


You had 2 spell levels left.
You didn't know any spells.
Your spell library was empty.

Dungeon Overview and Level Annotations

Branches:
Dungeon (2/15)

Altars:


Innate Abilities, Weirdness & Mutations

You cannot be hasted, slowed, berserked, paralysed or teleported.
You can dig through walls and to a lower floor.
Your four strong arms can wield two-handed weapons with a shield.
You have a pair of large antennae on your head. (SInv)
Armour fits poorly on your strangely shaped body.
Your magical capacity is low. (-10% MP)
You are somewhat resistant to further mutation.


Message History

You hit the adder but do no damage.
You feel sick. The adder closely misses you. The adder misses you.
You hit the adder. The adder bites you.
You are more poisoned.
The adder poisons you!
You closely miss the adder. The adder bites you.
You are more poisoned.
The adder poisons you! The adder bites you.
You aren't carrying any items that you can evoke.
Unknown command.
It was a potion of mutation.
You feel extremely strange.
You feel less energetic.
Your body twists and deforms.
You feel genetically stable.
You feel sick. The adder bites you.
* * * LOW HITPOINT WARNING * * *
You are more poisoned.
The adder poisons you!
You closely miss the adder.
* * * LOW HITPOINT WARNING * * *
You feel sick. The adder completely misses you. The adder closely misses you.

##. .. ###.#
###.<. #....
#.#.###
####.#.#<#
#####+##...÷#.#.#
#...!.S@.###....#
#........# #..###
#.?......# #.÷###
#........# #....#
#.###<...# #.##.#
. #.##.# #÷# ...
#. #.# #.# ### #.
#.# #.# #.#


You could see an adder.

Vanquished Creatures
  A dart slug (D:1)
  4 goblins (D:1)
  A hobgoblin (D:1)
  A ball python (D:2)
  6 bats
  A kobold (D:1)
  5 rats
19 creatures vanquished.

Notes
Turn   | Place    | Note
-------+----------+-------------------------------------------
     0 | D:1      | russianmonk1111 the Formicid Hunter began the quest for the
                  | Orb.
     0 | D:1      | Reached XP level 1. HP: 16/16 MP: 1/1
   176 | D:1      | Reached XP level 2. HP: 20/23 MP: 2/2
   872 | D:2      | Reached XP level 3. HP: 26/28 MP: 3/3
   916 | D:2      | Gained mutation: Your magical capacity is low. (-10% MP)
                  | [potion of mutation]
   916 | D:2      | Gained mutation: Armour fits poorly on your strangely
                  | shaped body. [potion of mutation]
   916 | D:2      | Gained mutation: You are somewhat resistant to further
                  | mutation. [potion of mutation]
   918 | D:2      | Quit the game

Vault maps used:
D:1:      lightli_arrival_quake, serial_bayou_lagoon_b
D:2:      chequers_temple_overflow_minitemple

Action                   || total
-------------------------++-------
Melee: Short sword       ||    89
  Use: Potion            ||     1
Armor: Leather armour    ||    47
Dodge: Dodged            ||    75

Table legend:
 A = Non-vault XP
 B = Vault XP
 C = Vault XP percentage of total XP
 D = Non-vault monster count
 E = Vault monster count
 F = Vault count percentage of total count
                 A         B        C        D         E       F
            +---------+---------+-------+---------+---------+-------
      Total |      29 |       0 |   0.0 |      19 |       0 |   0.0
            +---------+---------+-------+---------+---------+-------
        D:1 |      25 |       0 |   0.0 |      15 |       0 |   0.0
        D:2 |       4 |       0 |   0.0 |       4 |       0 |   0.0
            +---------+---------+-------+---------+---------+-------
